 Dungeon Sprint DCSS version 0.27-a0-124-g19cb506db8 (webtiles) character file.

Game seed: 10738433135601237584

538954 mhtbhm the Minotaur Barricade (level 21, -8/179 HPs)
             Began as a Minotaur Fighter on Jan 26, 2021.
             Was the Champion of Makhleb.
             Mangled by Gloorx Vloq (10 damage)
             ... in the Dungeon (Sprint IX: "|||||||||||||||||||||||||||||").
             The game lasted 00:26:57 (10609 turns).

mhtbhm the Minotaur Barricade (Minotaur Fighter)   Turns: 10609, Time: 00:26:58

Health: -8/179     AC: 40    Str: 37    XL:     21   Next: 83%
Magic:  33/33      EV: 18    Int:  9    God:    Makhleb [******]
Gold:   1050       SH: 34    Dex:  7    Spells: 22/22 levels left

rFire    . . .     SeeInvis .   O - +9 eudemon blade (holy)
rCold    + + .     Faith    .   c - +0 tower shield {reflect}
rNeg     + + .     Spirit   .   b - +4 gold dragon scales
rPois    +         Reflect  +   o - +0 hat
rElec    +         Harm     .   v - +2 cloak {rCorr}
rCorr    +         Rampage  .   r - +0 pair of gloves "Saywnull" {*Contam rElec rN+ Will+ Int+3} (curse)
Will     ++...     NoTele   +   x - +1 pair of boots
Stlth    ..........             B - amulet of reflection
HPRegen  0.39/turn              G - +6 ring of strength
MPRegen  0.23/turn              K - ring "Nuck" {Ice rN+ Int+3 Dex-3}

@: slowed, very slow
A: retaliatory headbutt, horns 2, dopey 1, frail 2, low mp 1, screaming 1,
subdued magic 1
}: 9/17 runes: decaying, serpentine, barnacled, slimy, elven, silver, golden,
abyssal, gossamer
a: Renounce Religion, Minor Destruction, Lesser Servant of Makhleb, Major
Destruction, Greater Servant of Makhleb


You were in the Dungeon.
You worshipped Makhleb.
Makhleb was exalted by your worship.
You visited 1 branch You collected 1978 gold pieces.
You spent 928 gold pieces at shops.

Inventory:

Hand Weapons
 a - the +12 hand axe of the Morning {vamp, Dex+2 SInv}
   (You bought it in a shop in the Dungeon)

   It inflicts no extra harm, but heals its wielder when it wounds a living foe.
   It affects your dexterity (+2).
   It lets you see invisible.
 E - a +5 war axe of flaming
 F - a +2 broad axe of electrocution
 I - a +3 eveningstar of holy wrath
 O - a +9 eudemon blade of holy wrath (weapon)
Missiles
 q - 30 silver javelins (quivered)
Armour
 b - +4 gold dragon scales (worn)
 c - a +0 tower shield of reflection (worn)
 o - a +0 hat (worn)
 r - the cursed +0 pair of gloves "Saywnull" (worn) {*Contam rElec rN+ Will+ Int+3}
   (You found it in the Dungeon)

   It affects your intelligence (+3).
   It insulates you from electricity.
   It protects you from negative energy.
   It affects your willpower, your defense against some magical effects.
   It causes magical contamination when unequipped.
   It has a curse placed upon it.
 v - a +2 cloak of preservation (worn)
 x - a +1 pair of boots (worn)
Jewellery
 n - a +4 ring of protection
 B - an amulet of reflection (around neck)
 G - a +6 ring of strength (left hand)
 H - an uncursed ring of resist corrosion
 J - the ring of Rioba {rC+ Str+2 Int+4}
   (You found it in the Dungeon)

   [ring of protection from cold]

   It affects your strength (+2).
   It affects your intelligence (+4).
   It protects you from cold.
 K - the ring "Nuck" (right hand) {Ice rN+ Int+3 Dex-3}
   (You found it in the Dungeon)

   [ring of ice]

   It enhances your ice magic.
   It affects your intelligence (+3).
   It affects your dexterity (-3).
   It makes you vulnerable to fire.
   It protects you from cold.
   It protects you from negative energy.
 L - the ring "Irais" {Int+2 Slay+3}
   (You found it in the Dungeon)

   [ring of slaying]

   It affects your intelligence (+2).
   It affects your accuracy and damage with ranged weapons and melee attacks
   (+3).
 M - the ring of Rirol {+Fly Will- Int+6 Dex+3 Slay+3}
   (You found it in the Dungeon)

   [ring of slaying]

   It affects your intelligence (+6).
   It affects your dexterity (+3).
   It affects your accuracy and damage with ranged weapons and melee attacks
   (+3).
   It affects your willpower, your defense against some magical effects.
   It lets you fly.
 N - the ring "Cuhoash" {rElec rF+ AC+3 Dex-4}
   (You found it in the Dungeon)

   [ring of protection]

   It affects your AC (+3).
   It affects your dexterity (-4).
   It protects you from fire.
   It insulates you from electricity.
Scrolls
 j - 3 scrolls of blinking
 l - 6 scrolls of remove curse
 m - 2 scrolls of amnesia
 u - 6 scrolls of fear
 y - 3 scrolls of fog
Potions
 e - 9 potions of curing
 f - 6 potions of heal wounds
 g - 12 potions of haste
 h - 9 potions of magic
 k - a potion of invisibility
 s - a potion of resistance
 z - a potion of degeneration {unknown}
 A - a potion of brilliance
 C - 3 potions of mutation
 D - a potion of attraction
Miscellaneous
 i - the horn of Geryon


   Skills:
 O Level 27 Fighting
 + Level 18.5(23.8) Short Blades
 O Level 27 Long Blades
 O Level 27 Axes
 + Level 26.5(27) Maces & Flails
 + Level 19.5(27) Polearms
 + Level 19.5(27) Staves
 - Level 2.1(20.2) Slings
 - Level 2.1 Bows
 - Level 2.1 Crossbows
 O Level 27 Throwing
 O Level 27 Armour
 O Level 27 Dodging
 + Level 15.7 Stealth
 O Level 27 Shields
 - Level 2.1 Unarmed Combat
 - Level 1.2 Spellcasting
 - Level 1.6 Conjurations
 - Level 1.2 Hexes
 - Level 1.3 Summonings
 - Level 1.3 Necromancy
 - Level 1.4 Translocations
 - Level 1.8 Transmutations
 - Level 1.6 Fire Magic
 - Level 1.6 Ice Magic
 - Level 1.6 Air Magic
 - Level 1.8 Earth Magic
 - Level 1.6 Poison Magic
 O Level 27 Invocations
 + Level 15.9 Evocations


You had 22 spell levels left.
You didn't know any spells.
Your spell library contained the following spells:

 Spells                   Type           Power        Failure   Level
 Poisonous Vapours        Pois/Air       4%           69%         2
 Mephitic Cloud           Conj/Pois/Air  2%           89%         3
 Portal Projectile        Hex/Tloc       4%           92%         3
 Fulminant Prism          Conj/Hex       1%           100%        4
 Olgreb's Toxic Radiance  Pois           2%           100%        4
 Alistair's Intoxication  Tmut/Pois      1%           100%        5
 Fireball                 Conj/Fire      1%           100%        5
 Dispersal                Tloc           1%           100%        6
 Eringya's Noxious Bog    Tmut/Pois      1%           100%        6


Dungeon Overview and Level Annotations

Branches:
Dungeon (1/1)

Altars:
Cheibriados
Dithmenos
Elyvilon
Fedhas
Gozag
Hepliaklqana
Kikubaaqudgha
Makhleb
Nemelex Xobeh
Okawaru
Qazlal
Ru
Sif Muna
Trog
Uskayaw
Vehumet
Wu Jian
Xom
Yredelemnul
Zin
The Shining One
Beogh
Jiyva
Lugonu

Shops:
D (([[

Annotations:
D Antaeus, Asmodeus, Gloorx Vloq


Innate Abilities, Weirdness & Mutations

You reflexively headbutt those who attack you in melee.
You have a pair of horns on your head.
You are dopey. (Int -2)
You are very frail. (-20% HP)
Your magical capacity is low. (-10% MP)
You occasionally shout uncontrollably at your foes.
Your spells are a little easier to cast, but a little less powerful.


Message History

The Executioner convulses.
Your headbutt misses the Executioner.
The Executioner is moderately wounded.
The Executioner hits you but does no damage. x2
Unknown command.
You feel better.
You are engulfed in dark miasma.
* * * LOW HITPOINT WARNING * * *
The Executioner hits you but does no damage.
You block the Executioner's attack. The Executioner misses you.
The Executioner closely misses you. You furiously retaliate!
You headbutt the Executioner, but do no damage.
You block the Executioner's attack. x2; Gloorx Vloq hits you!!
* * * LOW HITPOINT WARNING * * *
The Executioner completely misses you. The Executioner misses you.
The Executioner hits you but does no damage.
Gloorx Vloq barely misses you.
The Executioner hits you but does no damage.
You block the Executioner's attack. The Executioner hits you.
* * * LOW HITPOINT WARNING * * *
Gloorx Vloq hits you!
You die...

.▓[▓.▓.▓.▓.▓.▓.▓.▓.▓
.▓)▓.▓.▓.▓.▓.▓.▓(▓.▓
.▓)▓.▓.▓.▓'▓.▓.▓.▓☼▓
.▓[▓.▓.▓.▓.▓.▓.▓.▓&▓
.▓)▓.▓.▓.▓.▓.▓.▓.▓○▓
.▓[▓.▓.▓.▓.▓.▓.▓1▓1▓
.▓.▓.▓.▓.▓.▓.▓.▓1▓☼▓
.▓.▓.▓.▓.▓.▓.▓.▓&▓C▓
.▓.▓.▓.▓.▓.▓.▓.▓@▓&▓
.▓.▓.▓.▓.▓.▓.▓'▓1▓1▓
.▓.▓.▓'▓.▓.▓.▓)▓.▓1▓
.▓.▓.▓.▓.▓.▓.▓.▓.▓&▓
.▓.▓.▓.▓.▓.▓.▓.▓.▓&▓
.▓'▓.▓.▓.▓.▓.▓.▓.▓,*
.▓.▓.▓.▓.▓.▓.▓.▓.▓,*
.▓.▓.▓.▓.▓.▓.▓.▓.▓,*
.▓)▓.▓.▓.▓.▓.▓.▓.▓,*


You could see Gloorx Vloq and 3 Executioners.

Vanquished Creatures
  Ereshkigal (D)
  the Royal Jelly (D)
  Lom Lobon (D)
  4 ancient liches (D)
  4 orbs of fire (D)
  Mennas (D)
  Mara (D)
  5 royal mummies (D)
  Frederick (D)
  Margery (D)
  Geryon (D)
  Xtahua (D)
  6 golden dragons (D)
  2 electric golems (D)
  2 liches (D)
  5 tentacled monstrosities (D)
  28 Orb Guardians (D)
  3 quicksilver dragons (D)
  2 deep elf blademasters (D)
  8 acid blobs (D)
  13 sphinxes (D)
  Agnes (D)
  2 death cobs (D)
  5 storm dragons (D)
  Donald (D)
  11 shadow dragons (D)
  A draconian monk (D)
  9 azure jellies (D)
  Ilsuiw (D)
  4 deep elf sorcerers (D)
  2 nagarajas (D)
  3 fire giants (D)
  2 ghost moths (D)
  Aizul (D)
  4 vault wardens (D)
  3 frost giants (D)
  4 emperor scorpions (D)
  Louise (D)
  A draconian knight (D)
  A draconian annihilator (D)
  2 draconian scorchers (D)
  5 stone giants (D)
  A spriggan defender (D)
  5 ironheart preservers (D)
  2 draconian shifters (D)
  9 vampire knights (D)
  3 green draconians (D)
  3 deep elf demonologists (D)
  3 black draconians (D)
  An entropy weaver (D)
  A deep elf annihilator (D)
  A red draconian (D)
  A spark wasp (D)
  3 yellow draconians (D)
  2 white draconians (D)
  6 purple draconians (D)
  10 death oozes (D)
  2 deep elf death magi (D)
  3 merfolk javelineers (D)
  An ettin (D)
  A deep elf high priest (D)
  3 merfolk impalers (D)
  4 mummy priests (D)
  5 fire dragons (D)
  A rakshasa (D)
  5 yaktaur captains (D)
  25 vault guards (D)
  6 ogre magi (D)
  3 ice dragons (D)
  2 naga warriors (D)
  A great orb of eyes (D)
  A merfolk avatar (D)
  A spriggan air mage (D)
  2 boulder beetles (D)
  8 hydras (D)
  A ghost crab (D)
  An anaconda (D)
  2 merfolk aquamancers (D)
  2 tengu warriors (D)
  8 orc high priests (D)
  2 deep troll earth magi (D)
  2 thrashing horrors (D)
  2 shock serpents (D)
  6 hell knights (D)
  2 small abominations (D)
  A shadow wraith (D)
  2 sea snakes (D)
  6 swamp dragons (D)
  3 deep elf archers (D)
  2 flayed ghosts (D)
  A naga ritualist (D)
  A bog body (D)
  A lindwurm (D)
  2 starcursed masses (D)
  4 wolf spiders (D)
  A necromancer (D)
  5 ironbrand convokers (D)
  An ugly thing (D)
  A harpy (D)
  2 orc knights (D)
  A salamander (D)
  3 manticores (D)
  2 cyclopes (D)
  8 moths of wrath (D)
  A vault sentinel (D)
  Joseph (D)
  A black mamba (shapeshifter) (D)
  3 black mambas (D)
  9 elephants (D)
  3 guardian serpents (D)
  3 naga magi (D)
  2 cane toads (D)
  3 demonic crawlers (D)
  A yaktaur (D)
  4 komodo dragons (D)
  A freezing wraith (D)
  A hellwing (D)
  19 guardian mummies (D)
  A jumping spider (D)
  A wandering mushroom (D)
  A wind drake (D)
  A troll (D)
  A tyrant leech (D)
  A jumping spider (shapeshifter) (D)
  2 merfolk (D)
  A slime creature (D)
  2 hornets (D)
  A blink frog (shapeshifter) (D)
  12 spriggans (D)
  6 redbacks (D)
  4 yaks (D)
  A wraith (D)
  Grum (D)
  A basilisk (shapeshifter) (D)
  A golden eye (D)
  A vampire mosquito (D)
  An acid dragon (D)
  5 nagas (D)
  3 water moccasins (D)
  2 floating eyes (D)
  9 orc warriors (D)
  An eye of draining (D)
  A sky beast (D)
  2 phantoms (D)
  3 wolves (D)
  A centaur (D)
  4 bullfrogs (D)
  2 wights (D)
  A howler monkey (D)
  A quasit (D)
  8 orc priests (D)
  6 orc wizards (D)
  A shadow imp (D)
  5 adder skeletons (D)
  A dart slug (D)
  A leopard gecko (D)
  6 orcs (D)
  3 bats (D)
  A goblin (D)
  A ball python (D)
  3 ball lightnings (D)
518 creatures vanquished.

Vanquished Creatures (others)
  A deep elf blademaster (D)
  A fire giant (D)
  A deep elf demonologist (D)
  A hydra (D)
  2 merfolk aquamancers (D)
  A goliath frog (D)
  An unseen horror (shapeshifter) (D)
  2 spriggan druids (D)
  5 ball lightnings (D)
15 creatures vanquished.

Grand Total: 533 creatures vanquished

Notes
Turn   | Place    | Note
-------+----------+-------------------------------------------
     0 | D        | mhtbhm the Minotaur Fighter began the quest for the Orb.
     0 | D        | Reached XP level 1. HP: 19/19 MP: 0/0
     0 | D        | Banished a spatial maelstrom
     2 | D        | Banished a spatial maelstrom
    68 | D        | Noticed an orc wizard
    72 | D        | Reached XP level 2. HP: 28/28 MP: 1/1
    79 | D        | Reached skill level 5 in Fighting
    79 | D        | Reached skill level 5 in Armour
    79 | D        | Reached skill level 5 in Shields
    79 | D        | Reached XP level 3. HP: 30/36 MP: 2/2
   202 | D        | Found a roughly hewn altar of Beogh.
   202 | D        | Found a snail-covered altar of Cheibriados.
   202 | D        | Found a shadowy altar of Dithmenos.
   202 | D        | Found a white marble altar of Elyvilon.
   202 | D        | Found a blossoming altar of Fedhas.
   202 | D        | Found an opulent altar of Gozag.
   203 | D        | Found a hazy altar of Hepliaklqana.
   204 | D        | Found a viscous altar of Jiyva.
   205 | D        | Found an ancient bone altar of Kikubaaqudgha.
   206 | D        | Found a corrupted altar of Lugonu.
   207 | D        | Found a burning altar of Makhleb.
   208 | D        | Found a sparkling altar of Nemelex Xobeh.
   209 | D        | Found an iron altar of Okawaru.
   210 | D        | Found a stormy altar of Qazlal.
   211 | D        | Found a sacrificial altar of Ru.
   212 | D        | Found a shimmering blue altar of Sif Muna.
   213 | D        | Found a bloodstained altar of Trog.
   214 | D        | Found a hide-covered altar of Uskayaw.
   215 | D        | Became a worshipper of Makhleb the Destroyer
   216 | D        | Found a radiant altar of Vehumet.
   217 | D        | Found an ornate altar of the Wu Jian Council.
   218 | D        | Found a shimmering altar of Xom.
   219 | D        | Found a basalt altar of Yredelemnul.
   220 | D        | Found a glowing silver altar of Zin.
   221 | D        | Found a glowing golden altar of the Shining One.
   274 | D        | Noticed a yak
   274 | D        | Noticed a phantom
   274 | D        | Noticed a yak
   274 | D        | Noticed a phantom
   277 | D        | Killed a yak
   278 | D        | Reached XP level 4. HP: 45/45 MP: 3/3
   278 | D        | Reached XP level 5. HP: 51/51 MP: 4/4
   281 | D        | Killed a yak
   282 | D        | Reached skill level 1 in Dodging
   282 | D        | Reached XP level 6. HP: 57/61 MP: 5/5
   292 | D        | Reached * piety under Makhleb
   293 | D        | Reached skill level 10 in Maces & Flails
   298 | D        | Reached ** piety under Makhleb
   299 | D        | Reached XP level 7. HP: 69/69 MP: 6/6
   305 | D        | Noticed a tengu warrior
   305 | D        | Noticed a troll
   305 | D        | Noticed a hornet
   307 | D        | Reached skill level 10 in Armour
   332 | D        | Killed a tengu warrior
   333 | D        | Reached skill level 10 in Shields
   333 | D        | Reached XP level 8. HP: 58/79 MP: 7/7
   334 | D        | Reached *** piety under Makhleb
   340 | D        | Killed a troll
   341 | D        | Reached skill level 10 in Fighting
   341 | D        | Reached skill level 1 in Evocations
   342 | D        | Killed a hornet
   473 | D        | Noticed a komodo dragon
   473 | D        | Noticed a komodo dragon
   473 | D        | Noticed a komodo dragon
   473 | D        | Noticed a komodo dragon
   479 | D        | Killed a komodo dragon
   483 | D        | Noticed an elephant
   488 | D        | Killed a komodo dragon
   488 | D        | Reached **** piety under Makhleb
   489 | D        | Reached XP level 9. HP: 86/86 MP: 8/8
   497 | D        | Killed a komodo dragon
   498 | D        | Reached skill level 15 in Maces & Flails
   500 | D        | Killed a komodo dragon
   503 | D        | Reached ***** piety under Makhleb
   509 | D        | Killed an elephant
   623 | D        | Noticed a cane toad
   623 | D        | Noticed a cane toad
   625 | D        | Killed a cane toad
   626 | D        | Noticed a lindwurm
   633 | D        | Noticed a black mamba
   640 | D        | Killed a cane toad
   641 | D        | Reached XP level 10. HP: 97/97 MP: 9/9
   655 | D        | Killed a lindwurm
   660 | D        | Killed a black mamba
   660 | D        | Reached ****** piety under Makhleb
   702 | D        | Noticed an elephant
   702 | D        | Noticed an elephant
   702 | D        | Noticed an elephant
   702 | D        | Noticed an elephant
   702 | D        | Noticed an elephant
   702 | D        | Noticed an elephant
   708 | D        | Killed an elephant
   708 | D        | Noticed an elephant
   709 | D        | Reached skill level 15 in Shields
   712 | D        | Noticed an elephant
   715 | D        | Killed an elephant
   721 | D        | Killed an elephant
   726 | D        | Killed an elephant
   735 | D        | Killed an elephant
   741 | D        | Killed an elephant
   747 | D        | Killed an elephant
   751 | D        | Killed an elephant
   752 | D        | Reached XP level 11. HP: 107/107 MP: 10/10
   923 | D        | Noticed an orc knight
   925 | D        | Noticed an orc knight
   938 | D        | Killed an orc knight
   945 | D        | Killed an orc knight
  1043 | D        | Found Niropt's Antique Weapon Emporium.
  1043 | D        | Noticed an orc high priest
  1043 | D        | Noticed an orc high priest
  1043 | D        | Noticed an orc high priest
  1043 | D        | Noticed an orc high priest
  1047 | D        | Noticed an orc high priest
  1050 | D        | Noticed an orc high priest
  1056 | D        | Gained mutation: You have supernaturally acute eyesight.
                  | (SInv) [a neqoxec]
  1057 | D        | Killed an orc high priest
  1058 | D        | Found Lyell's Weapon Shoppe.
  1073 | D        | Killed an orc high priest
  1079 | D        | Killed an orc high priest
  1080 | D        | Reached skill level 15 in Fighting
  1084 | D        | Noticed a soul eater
  1098 | D        | Noticed a sun demon
  1102 | D        | Killed an orc high priest
  1111 | D        | Noticed an orc high priest
  1118 | D        | Noticed a sun demon
  1118 | D        | Killed an orc high priest
  1124 | D        | Killed an orc high priest
  1125 | D        | Found Muaxalut's Antique Armour Emporium.
  1136 | D        | Killed an orc high priest
  1540 | D        | Found Laumoh's Antique Armour Shoppe.
  1546 | D        | Noticed an orc high priest
  1561 | D        | Killed an orc high priest
  1579 | D        | Bought the +12 hand axe of the Morning {vamp, Dex+2 SInv}
                  | for 928 gold pieces
  1654 | D        | Noticed Grum
  1666 | D        | Killed Grum
  1672 | D        | Reached skill level 1 in Invocations
  1715 | D        | Found the +11 plutonium sword {*Contam Stlth-}
  1740 | D        | Got the cursed +0 pair of gloves "Saywnull" {*Contam rElec
                  | rN+ Will+ Int+3}
  1801 | D        | Noticed an ogre mage
  1809 | D        | Reached skill level 1 in Axes
  1817 | D        | Reached XP level 12. HP: 122/122 MP: 10/12
  1817 | D        | Noticed an ice dragon
  1820 | D        | Noticed a stone giant
  1822 | D        | Killed an ogre mage
  1823 | D        | Noticed a stone giant
  1825 | D        | Noticed a fire giant
  1833 | D        | Killed an ice dragon
  1842 | D        | Killed a stone giant
  1852 | D        | Noticed a stone giant
  1856 | D        | Killed a stone giant
  1863 | D        | Noticed a fire giant
  1869 | D        | Killed a fire giant
  1870 | D        | Reached skill level 5 in Invocations
  1882 | D        | Killed a stone giant
  1890 | D        | Killed a fire giant
  1925 | D        | Noticed Joseph
  1937 | D        | Killed Joseph
  1966 | D        | Noticed Donald
  1991 | D        | Killed Donald
  1992 | D        | Reached skill level 10 in Axes
  2096 | D        | Noticed an eight-headed hydra
  2096 | D        | Noticed a ghost crab
  2100 | D        | Noticed an eight-headed hydra
  2103 | D        | Killed a 14-headed hydra
  2104 | D        | Reached skill level 15 in Armour
  2104 | D        | Noticed an eight-headed hydra
  2120 | D        | Killed a ghost crab
  2136 | D        | Killed a 16-headed hydra
  2137 | D        | Reached XP level 13. HP: 83/133 MP: 17/17
  2564 | D        | Noticed an entropy weaver
  2571 | D        | Killed an entropy weaver
  2640 | D        | Reached skill level 10 in Invocations
  2931 | D        | Noticed a frost giant
  2931 | D        | Noticed a quicksilver dragon
  2938 | D        | Noticed a frost giant
  2942 | D        | Noticed a frost giant
  2956 | D        | Killed a frost giant
  2957 | D        | Noticed a spriggan defender
  2989 | D        | Killed a quicksilver dragon
  2990 | D        | Reached skill level 15 in Axes
  2990 | D        | Reached skill level 5 in Dodging
  2990 | D        | Noticed a spark wasp
  2998 | D        | Killed a frost giant
  3008 | D        | Noticed a lich
  3010 | D        | Killed a frost giant
  3011 | D        | Reached XP level 14. HP: 56/144 MP: 21/21
  3027 | D        | Killed a spriggan defender
  3048 | D        | Noticed a Brimstone Fiend
  3049 | D        | Killed a lich
  3058 | D        | Reached skill level 1 in Stealth
  3140 | D        | Noticed a vault warden
  3140 | D        | Noticed an ironheart preserver
  3155 | D        | Killed a vault warden
  3179 | D        | Noticed an ironheart preserver
  3182 | D        | Noticed an ironheart preserver
  3189 | D        | Killed an ironheart preserver
  3190 | D        | Noticed a vault warden
  3231 | D        | Killed an ironheart preserver
  3258 | D        | Killed a vault warden
  3265 | D        | Killed an ironheart preserver
  3305 | D        | Noticed a sphinx
  3305 | D        | Noticed an orb of fire
  3305 | D        | Lost mutation: You have supernaturally acute eyesight.
                  | (SInv) [an orb of fire]
  3319 | D        | Gained mutation: You are dopey. (Int -2) [an orb of fire]
  3320 | D        | Killed an orb of fire
  3326 | D        | Killed a sphinx
  3331 | D        | Reached XP level 15. HP: 146/157 MP: 24/24
  3804 | D        | Noticed Xtahua
  3818 | D        | Killed Xtahua
  3819 | D        | Reached skill level 15 in Invocations
  3946 | D        | Got a decaying rune of Zot
  4305 | D        | Noticed a ghost moth
  4355 | D        | Noticed a ghost moth
  4383 | D        | Killed a ghost moth
  4399 | D        | Killed a ghost moth
  4450 | D        | Got a gossamer rune of Zot
  4463 | D        | Noticed Ilsuiw
  4498 | D        | Reached skill level 27 in Shields
  4501 | D        | Killed Ilsuiw
  4537 | D        | Reached skill level 10 in Dodging
  4575 | D        | Got a barnacled rune of Zot
  4795 | D        | Noticed a nagaraja
  4805 | D        | Noticed a nagaraja
  4825 | D        | Killed a nagaraja
  4834 | D        | Killed a nagaraja
  4835 | D        | Reached XP level 16. HP: 169/171 MP: 26/28
  4858 | D        | Got a serpentine rune of Zot
  4932 | D        | Noticed Frederick
  4963 | D        | Killed Frederick
  4965 | D        | Noticed Mara
  4993 | D        | Killed Mara
  5277 | D        | Noticed a shadow dragon
  5313 | D        | Noticed a shadow dragon
  5323 | D        | Killed a shadow dragon
  5348 | D        | Killed a shadow dragon
  5360 | D        | Noticed a shadow dragon
  5386 | D        | Killed a shadow dragon
  5468 | D        | Noticed a shadow dragon
  5468 | D        | Noticed a shadow dragon
  5468 | D        | Noticed a tentacled monstrosity
  5468 | D        | Noticed a shadow dragon
  5469 | D        | Found the +5 robe of Misfortune {*Contam Harm *Corrode
                  | *Drain *Slow EV+5}
  5469 | D        | Identified the +5 morningstar "Ogrebane" {flame, +Blink}
  5476 | D        | Noticed a shadow dragon
  5485 | D        | Killed a tentacled monstrosity
  5498 | D        | Killed a shadow dragon
  5499 | D        | Reached skill level 27 in Fighting
  5499 | D        | Reached XP level 17. HP: 124/191 MP: 30/30
  5563 | D        | Noticed Aizul
  5563 | D        | Noticed an Orb Guardian
  5569 | D        | Killed Aizul
  5579 | D        | Killed an Orb Guardian
  5596 | D        | Got a silver rune of Zot
  5597 | D        | Identified Sif Muna's Guide on the Vitriolic Traveller
  5600 | D        | Identified the Grimoire of Lethal Toxins
  5676 | D        | Noticed Margery
  5694 | D        | Killed Margery
  5699 | D        | Reached skill level 27 in Axes
  5763 | D        | Got the ring of Rioba {rC+ Str+2 Int+4}
  5765 | D        | Got the ring "Nuck" {Ice rN+ Int+3 Dex-3}
  5767 | D        | Got the ring "Irais" {Int+2 Slay+3}
  5769 | D        | Got the ring of Rirol {+Fly Will- Int+6 Dex+3 Slay+3}
  5771 | D        | Got the ring "Cuhoash" {rElec rF+ AC+3 Dex-4}
  5873 | D        | Noticed Agnes
  5881 | D        | Killed Agnes
  5890 | D        | Noticed Louise
  5904 | D        | Killed Louise
  5918 | D        | Noticed Mennas
  5979 | D        | Killed Mennas
  6303 | D        | Noticed a golden dragon
  6303 | D        | Noticed a golden dragon
  6309 | D        | Killed a golden dragon
  6320 | D        | Killed a golden dragon
  6370 | D        | Noticed a golden dragon
  6394 | D        | Killed a golden dragon
  6395 | D        | Reached XP level 18. HP: 174/200 MP: 33/33
  6508 | D        | Reached skill level 5 in Long Blades
  6514 | D        | Reached skill level 27 in Armour
  6596 | D        | Noticed a golden dragon
  6596 | D        | Noticed a tentacled monstrosity
  6607 | D        | Killed a golden dragon
  6608 | D        | Reached skill level 15 in Dodging
  6614 | D        | Killed a tentacled monstrosity
  6615 | D        | Reached skill level 10 in Long Blades
  6697 | D        | Reached skill level 27 in Invocations
  6715 | D        | Reached skill level 15 in Long Blades
  6771 | D        | Noticed a tentacled monstrosity
  6771 | D        | Noticed a tentacled monstrosity
  6778 | D        | Killed a tentacled monstrosity
  6789 | D        | Killed a tentacled monstrosity
  6930 | D        | Noticed an Orb Guardian
  6930 | D        | Noticed an Orb Guardian
  6930 | D        | Noticed an Orb Guardian
  6930 | D        | Noticed an Orb Guardian
  6930 | D        | Noticed an Orb Guardian
  6930 | D        | Noticed an Orb Guardian
  6939 | D        | Killed an Orb Guardian
  6947 | D        | Killed an Orb Guardian
  6954 | D        | Killed an Orb Guardian
  6961 | D        | Killed an Orb Guardian
  6971 | D        | Killed an Orb Guardian
  6972 | D        | Noticed an Orb Guardian
  6981 | D        | Killed an Orb Guardian
  6987 | D        | Killed an Orb Guardian
  6988 | D        | Noticed an Orb Guardian
  6989 | D        | Noticed an Orb Guardian
  6990 | D        | Noticed an Orb Guardian
  6997 | D        | Killed an Orb Guardian
  7003 | D        | Killed an Orb Guardian
  7014 | D        | Killed an Orb Guardian
  7022 | D        | Noticed a tentacled monstrosity
  7022 | D        | Noticed an Orb Guardian
  7022 | D        | Noticed an Orb Guardian
  7022 | D        | Noticed a golden dragon
  7028 | D        | Killed a tentacled monstrosity
  7029 | D        | Reached XP level 19. HP: 207/207 MP: 35/35
  7062 | D        | Killed a golden dragon
  7063 | D        | Reached skill level 27 in Long Blades
  7102 | D        | Noticed an ancient lich
  7122 | D        | Killed an ancient lich
  7239 | D        | Noticed an electric golem
  7253 | D        | Killed an electric golem
  7283 | D        | Noticed an electric golem
  7309 | D        | Noticed an orb of fire
  7317 | D        | Noticed an ancient lich
  7326 | D        | Noticed an orb of fire
  7333 | D        | Noticed an orb of fire
  7335 | D        | Gained mutation: You are frail. (-10% HP) [an orb of fire]
  7352 | D        | Gained mutation: You occasionally shout uncontrollably at
                  | your foes. [an orb of fire]
  7353 | D        | Killed an electric golem
  7354 | D        | Killed an orb of fire
  7355 | D        | Reached skill level 27 in Dodging
  7357 | D        | Paralysed by an ancient lich for 5 turns
  7361 | D        | Noticed a golden dragon
  7366 | D        | Killed an ancient lich
  7367 | D        | Reached skill level 1 in Spellcasting
  7367 | D        | Reached skill level 1 in Conjurations
  7367 | D        | Reached skill level 1 in Hexes
  7367 | D        | Reached skill level 1 in Summonings
  7367 | D        | Reached skill level 1 in Necromancy
  7367 | D        | Reached skill level 1 in Translocations
  7367 | D        | Reached skill level 1 in Transmutations
  7367 | D        | Reached skill level 1 in Fire Magic
  7367 | D        | Reached skill level 1 in Ice Magic
  7367 | D        | Reached skill level 1 in Air Magic
  7367 | D        | Reached skill level 1 in Earth Magic
  7367 | D        | Reached skill level 1 in Poison Magic
  7368 | D        | Gained mutation: You are very frail. (-20% HP) [an orb of
                  | fire]
  7379 | D        | Gained mutation: Your magical capacity is low. (-10% MP)
                  | [an orb of fire]
  7381 | D        | Killed an orb of fire
  7382 | D        | Reached skill level 5 in Polearms
  7382 | D        | Reached skill level 5 in Staves
  7382 | D        | Reached skill level 5 in Evocations
  7387 | D        | Gained mutation: Your spells are a little easier to cast,
                  | but a little less powerful. [an orb of fire]
  7390 | D        | Killed an orb of fire
  7391 | D        | Reached skill level 5 in Throwing
  7391 | D        | Reached skill level 5 in Stealth
  7407 | D        | Noticed an ancient lich
  7413 | D        | Noticed a Brimstone Fiend
  7417 | D        | Killed a golden dragon
  7431 | D        | Killed an ancient lich
  7693 | D        | Reached skill level 10 in Polearms
  7693 | D        | Reached skill level 10 in Staves
  7693 | D        | Reached XP level 20. HP: 172/172 MP: 32/32
  7699 | D        | Reached skill level 10 in Short Blades
  7723 | D        | Reached skill level 10 in Throwing
  7723 | D        | Reached skill level 10 in Evocations
  7740 | D        | Reached skill level 10 in Stealth
  7829 | D        | Noticed an ancient lich
  7853 | D        | Killed an ancient lich
  7951 | D        | Reached skill level 15 in Polearms
  7951 | D        | Reached skill level 15 in Staves
  7979 | D        | Reached skill level 15 in Short Blades
  8394 | D        | Noticed the Royal Jelly
  8400 | D        | Reached skill level 15 in Throwing
  8400 | D        | Killed the Royal Jelly
  8426 | D        | Reached XP level 21. HP: 179/179 MP: 33/33
  8436 | D        | Got a slimy rune of Zot
  9078 | D        | Noticed a royal mummy
  9078 | D        | Noticed a royal mummy
  9078 | D        | Noticed a royal mummy
  9078 | D        | Noticed a royal mummy
  9083 | D        | Noticed a royal mummy
  9084 | D        | Killed a royal mummy
  9084 | D        | Killed a royal mummy
  9085 | D        | Killed a royal mummy
  9086 | D        | Reached skill level 27 in Throwing
  9087 | D        | Killed a royal mummy
  9094 | D        | Killed a royal mummy
  9231 | D        | Got a golden rune of Zot
  9253 | D        | Got an abyssal rune of Zot
  9398 | D        | Noticed Geryon
  9413 | D        | Killed Geryon
  9418 | D        | Noticed Lom Lobon
  9418 | D        | Noticed Ereshkigal
  9418 | D        | Noticed Antaeus
  9425 | D        | Noticed Gloorx Vloq
  9427 | D        | Paralysed by Ereshkigal for 6 turns
  9430 | D        | Identified the +7 sceptre of Asmodeus
  9430 | D        | Noticed Asmodeus
  9433 | D        | HP: 6/179 [Lom Lobon] (6)]
 10020 | D        | Got an elven rune of Zot
 10211 | D        | Killed Lom Lobon
 10212 | D        | Reached skill level 15 in Stealth
 10212 | D        | Reached skill level 15 in Evocations
 10255 | D        | Killed Ereshkigal
 10609 | D        | HP: 5/179 [Gloorx Vloq (20)]
 10609 | D        | HP: 2/179 [Executioner[Gloorx Vloq] (3)]
 10609 | D        | Mangled by Gloorx Vloq

Illustrated notes

Levels and vault maps discovered:
D:        linesprint [early_d, line_temple, items_1, d_10, items_2, lair_1,
          lair_end, items_3, orc_1, orc_end, items_4, d_15, swamp_1, shoals_1,
          snake_1, spider_1, d_20, vaults_1, items_5, swamp_end, shoals_end,
          snake_end, spider_end, vaults_end, d_27, items_6, zot_1, zot_end,
          crypt_end, forest_end, elf_end, slime_end, tomb_end, abyss_end,
          pan_hell_end]

Skill      XL: |  1  2  3  4  5  6  7  8  9 10 11 12 13 14 15 16 17 18 19 20 21 |
---------------+----------------------------------------------------------------+-----
Fighting       | 4 5 6 7 8 9 10 12 13 16 17 18 20 22 27 | 27.0
Armour         | 4 5 8 9 10 11 12 14 15 16 17 18 20 26 27 | 27.0
Shields        | 4 5 7 8 9 10 12 14 16 18 19 21 24 27 | 27.0
Maces & Flails | 3 7 9 10 12 14 16 18 20 21 24 26 | 26.5
Dodging        | 1 2 3 5 7 10 12 14 19 27 | 27.0
Evocations     | 1 2 3 8 13 15 | 15.9
Invocations    | 1 7 11 14 18 20 25 27 | 27.0
Axes           | 1 11 15 18 20 25 27 | 27.0
Stealth        | 1 2 8 13 15 | 15.7
Long Blades    | 25 27 | 27.0
Short Blades   | 9 15 18 | 18.5
Polearms       | 10 16 19 | 19.5
Staves         | 10 16 19 | 19.5
Slings         | 2 |  2.1
Bows           | 2 |  2.1
Crossbows      | 2 |  2.1
Throwing       | 8 19 27 | 27.0
Unarmed Combat | 2 |  2.1
Spellcasting   | 1 |  1.2
Conjurations   | 1 |  1.6
Hexes          | 1 |  1.2
Summonings     | 1 |  1.3
Necromancy     | 1 |  1.3
Translocations | 1 |  1.4
Transmutations | 1 |  1.8
Fire Magic     | 1 |  1.6
Ice Magic      | 1 |  1.6
Air Magic      | 1 |  1.6
Earth Magic    | 1 |  1.8
Poison Magic   | 1 |  1.6

Action                   |  1- 3 |  4- 6 |  7- 9 | 10-12 | 13-15 | 16-18 | 19-21 || total
-------------------------+-------+-------+-------+-------+-------+-------+-------++-------
Melee: Flail             |    30 |       |       |       |       |       |       ||    30
       Headbutt          |     5 |     4 |    18 |   106 |   253 |   397 |   168 ||   951
       Morningstar       |     3 |    20 |    89 |   249 |       |       |       ||   361
       Hand axe          |       |       |       |   166 |   860 |  1060 |   223 ||  2309
       Eudemon blade     |       |       |       |       |       |       |   332 ||   332
Throw: Javelin           |       |       |       |       |       |       |    37 ||    37
Evoke: Wand              |       |       |     2 |     6 |     2 |       |       ||    10
  Use: Potion            |       |       |       |       |     2 |       |    12 ||    14
       Scroll            |       |       |       |       |       |    14 |     3 ||    17
Armor: Scale mail        |    11 |       |       |       |       |       |       ||    11
       Plate armour      |     1 |     3 |    42 |    72 |       |    76 |       ||   194
       Chain mail        |       |       |       |    48 |   257 |     1 |       ||   306
       Gold dragon scale |       |       |       |       |       |    54 |   124 ||   178
Dodge: Dodged            |     6 |     5 |    20 |    65 |   208 |   113 |    83 ||   500
Block: Kite shield       |    10 |    11 |    47 |   193 |   306 |       |       ||   567
       Reflection        |       |       |       |     4 |    15 |    10 |     4 ||    33
       Tower shield      |       |       |       |       |   496 |   774 |   458 ||  1728
       Rpst.: Eudemon blade |       |       |       |       |       |       |     9 ||     9

Table legend: (Time is in decaauts)
 A = Elapsed time spent in this place.
 B = Non-inter-level travel time spent in this place.
 C = Inter-level travel time spent in this place.
 D = Time resting spent in this place.
 E = Time spent auto-exploring this place.
 F = Levels seen in this place.
 G = Mean time per level.
                   A        B        C        D        E       F      G
               +--------+--------+--------+--------+--------+-----+--------+
         Total |   9477 |   9303 |    174 |   3962 |   1488 |   1 | 9477.0 |
       Dungeon |   9477 |   9303 |    174 |   3962 |   1488 |   1 | 9477.0 |
               +--------+--------+--------+--------+--------+-----+--------+

Top non-repeatable levels by time:
       D: 9477 daAuts
